[Event "Open Nuevo Centro. Jornada 1"]
[Site "Chess.com"]
[Date "2020.06.19"]
[Round "7"]
[White "Elenkov Olmo, Ivan"]
[Black "Beneyto de Ramon, Guillermo"]
[Result "0-1"]
[WhiteElo "818"]
[BlackElo "1489"]
[TimeControl "180+2"]
[EndTime "11:46:44 PDT"]
[Termination "Victoria de GUILLETE por abandono"]

1. e4 Nf6 2. Nc3 e5 3. Nf3 Nc6 4. Bc4 Nxe4 5. Nxe4 d5 6. Bxd5 Qxd5 7. Nc3 Qd8 8. a3 Bg4 9. h3 Bh5 10. g4 Bg6 11. h4 h5 12. g5 Bc5 13. b4 Bb6 14. b5 Nd4 15. Nxe5 Nxc2+ 16. Kf1 Nxa1 17. Nxg6 fxg6 18.
Qe2+ Qe7 19. Qd1 O-O 20. Kg2 Rxf2+ 0

[Event "Open Nuevo Centro. Jornada 1"]
[Site "Chess.com"]
[Date "2020.06.19"]
[Round "7"]
[White "Garrido Barona, An�bal"]
[Black "Torres Biosca, Roberto"]
[Result "1-0"]
[WhiteElo "577"]
[BlackElo "582"]
[TimeControl "180+2"]
[EndTime "11:46:48 PDT"]
[Termination "Victoria de ANIBALGB11 por jaque mate"]

1. e4 e5 2. Nf3 Bc5 3. Bc4 Qe7 4. d3 Bb6 5. O-O h5 6. b3 h4 7. Ba3 h3 8. Bxe7 Kxe7 9. gxh3 Rxh3 10. Ng5 Rh5 11.
Qxh5 g6 12. Qf3 Nh6 13. Nxf7 Nxf7 14. Qxf7+ Kd8 15. Nc3 c6 16. b4 Kc7 17. b5 c5 18.
Nd5+ Kd6 19. Qe7# 1

[Event "Open Nuevo Centro. Jornada 1"]
[Site "Chess.com"]
[Date "2020.06.19"]
[Round "7"]
[White "Perrot, Fabien "]
[Black "Cin� Asensio, Luca "]
[Result "1-0"]
[WhiteElo "981"]
[BlackElo "476"]
[TimeControl "180+2"]
[EndTime "11:47:10 PDT"]
[Termination "Victoria de InspiredMinds por jaque mate"]

1. d4 e6 2. Bf4 d6 3. e3 Be7 4. Bd3 Bd7 5. Nf3 Nf6 6. O-O Nc6 7. c4 O-O 8. Nbd2 Nh5 9. Qb3 Nxf4 10. exf4 Na5 11. Qc2 Qe8 12. Bxh7+ Kh8 13. Be4 Ba4 14. b3 Bc6 15. Qc3 b6 16. Bc2 Bxf3 17. Nxf3 d5 18. Qd3 dxc4 19. Qh7# 1

[Event "Open Nuevo Centro. Jornada 1"]
[Site "Chess.com"]
[Date "2020.06.19"]
[Round "7"]
[White "Fern�ndez Mart�n, Berta"]
[Black "Sanchis Bon, Sergi"]
[Result "0-1"]
[WhiteElo "723"]
[BlackElo "1054"]
[TimeControl "180+2"]
[EndTime "11:47:16 PDT"]
[Termination "Victoria de Sergi_2011 por tiempo"]

1. e4 e5 2. Nf3 Bd6 3. Bc4 Nc6 4. c3 Nf6 5. Qe2 b6 6. d4 exd4 7. Bg5 dxc3 8. Nxc3 Bc5 9. O-O Bd4 10. Bxf6 Qxf6 0

[Event "Open Nuevo Centro. Jornada 1"]
[Site "Chess.com"]
[Date "2020.06.19"]
[Round "7"]
[White "Gukasov, Artem"]
[Black "R�os Valle, Daniel "]
[Result "0-1"]
[WhiteElo "1532"]
[BlackElo "1205"]
[TimeControl "180+2"]
[EndTime "11:47:21 PDT"]
[Termination "Victoria de danielrios010309 por abandono"]

1. e4 c5 2. Nf3 Nc6 3. d3 d6 4. d4 cxd4 5. Nxd4 Nf6 6. Nc3 e6 7. Be3 Bd7 8. Be2 Be7 9. O-O O-O 10. f4 e5 11. Nxc6 Bxc6 12. fxe5 dxe5 13. Bf3 Bb4 14. Qxd8 Rfxd8 15. Ne2 Bxe4 16. Bxe4 Nxe4 17. c3 Ba5 18. Rad1 f5 19. g3 f4 20. gxf4 Rxd1 21. Rxd1 exf4 22. Bxf4 Re8 23. Ng3 Nxg3 24. Bxg3 Re2 25. Rf1 Rxb2 26.
Bd6 h6 27. Rf6 gxf6 0

[Event "Open Nuevo Centro. Jornada 1"]
[Site "Chess.com"]
[Date "2020.06.19"]
[Round "7"]
[White "Limaymanta Solis, Luis Anderson"]
[Black "Yeste Campos, Manuel"]
[Result "1-0"]
[WhiteElo "1062"]
[BlackElo "906"]
[TimeControl "180+2"]
[EndTime "11:47:30 PDT"]
[Termination "Victoria de Luinao por jaque mate"]

1. e3 e5 2. b3 Nc6 3. Bc4 Nf6 4. Nc3 d5 5. Bb5 Bd7 6. Qf3 e4 7. Qg3 Bd6 8. f4 O-O 9. Bb2 Re8 10. Nxd5 g6 11.
Nxf6+ Kg7 12. Nxe8+ Kf8 13. Nf6 Na5 14. Nxd7+ Kg8 15.
h4 Bb4 16. h5 c6 17. Bf6 Qxd7 18. Be2 Qxd2+ 19. Kf2 Qxc2 20. Rd1 Rf8 21. hxg6 fxg6 22.
Nh3 Nxb3 23. Ng5 Rxf6 24. Nxh7 Kf7 25. Ng5+ Ke7 26. Rh7+ Kf8 27. Rd8# 1

[Event "Open Nuevo Centro. Jornada 1"]
[Site "Chess.com"]
[Date "2020.06.19"]
[Round "7"]
[White "Maestre Soler, Sergio"]
[Black "Gimenez Sanchis, Jose Antonio"]
[Result "0-1"]
[WhiteElo "948"]
[BlackElo "1421"]
[TimeControl "180+2"]
[EndTime "11:47:45 PDT"]
[Termination "Victoria de migesoj por abandono"]

1. e4 c6 2. Bc4 d5 3. exd5 cxd5 4.
Bd3 Nc6 5. Bb5 Bf5 6. Bxc6+ bxc6 7. Qf3 e6 8. Nc3 Nf6 9. d3 Bd6 10. Bg5 O-O 11. Bxf6 Qxf6 12. O-O-O a5 13. a3 Qg5+ 14. Kb1 Bg4 15. Qg3 Bxg3 16. hxg3 Bxd1 17. Nf3 Bxf3 18. gxf3 d4 19. f4 Qg4 20. Rh4 Qf3 0

[Event "Open Nuevo Centro. Jornada 1"]
[Site "Chess.com"]
[Date "2020.06.19"]
[Round "7"]
[White "M�s Ripoll, Vicente"]
[Black "Gerona Maura, Jesus"]
[Result "0-1"]
[WhiteElo "1142"]
[BlackElo "1526"]
[TimeControl "180+2"]
[EndTime "11:47:51 PDT"]
[Termination "Victoria de Retistente por tiempo"]

1. e4 Nf6 2. Nc3 d5 3. e5 d4 4.
exf6 dxc3 5. fxg7 cxd2+ 6. Qxd2 Qxd2+ 7. Bxd2 Bxg7 8. c3 Nc6 9. Bb5 Bd7 10. Nf3 O-O-O 11. a4 a6 12. Be2 Bg4 13. O-O Bxf3 14. Bxf3 Rxd2 15. Bxc6 bxc6 16. Rfe1 e6 17. Re3 Rxb2 18.
Rg3 Be5 19. Re3 Bd6 20. Rf3 f5 21. Rg3 Bxg3 0

[Event "Open Nuevo Centro. Jornada 1"]
[Site "Chess.com"]
[Date "2020.06.19"]
[Round "7"]
[White "Vorozbits Moisejevs, Daniels"]
[Black "Fern�ndez Martin, Carlos"]
[Result "0-1"]
[WhiteElo "933"]
[BlackElo "1461"]
[TimeControl "180+2"]
[EndTime "11:48:24 PDT"]
[Termination "Victoria de Pistachomortal por jaque mate"]

1. e4 c5 2. Nf3 d6 3. Bb5+ Bd7 4. Bc4 Nc6 5. Ng5 e6 6. O-O Qxg5 7. d3 Qg6 8. Bb5 Be7 9. Qf3 a6 10. Ba4 b5 11.
Bb3 Ne5 12. Qe3 Nf6 13. a4 Nfg4 14. Qh3 c4 15. dxc4 bxc4 16. Ba2 d5 17. exd5 exd5 18. f4 Nf2 19. Qf3 Neg4 20. Bxc4 O-O 21. Bxd5 Bc5 22. Bxa8 Nh3+ 23. Kh1 Ngf2+ 24. Rxf2 Nxf2+ 25. Kg1 Qxc2 26. Nc3 Bg4 27. Qd5 Nd3+ 28. Kh1 Qf2 29. Bd2 Qg1+ 30. Rxg1 Nf2# 0

[Event "Open Nuevo Centro. Jornada 1"]
[Site "Chess.com"]
[Date "2020.06.19"]
[Round "7"]
[White "Hassomal Daswani, Birjkumar"]
[Black "Gimeno Higueras, Roberto"]
[Result "0-1"]
[WhiteElo "1839"]
[BlackElo "2046"]
[TimeControl "180+2"]
[EndTime "11:48:34 PDT"]
[Termination "Victoria de Chicogrande2 por abandono"]

1. e4 c6 2. d4 d5 3. Nc3 dxe4 4. Nxe4 Bf5 5. Ng3 Bg6 6. f4 e6 7. Nf3 Nd7 8. Ne5 Nxe5 9. fxe5 Ne7 10. c3 Nf5 11. Nxf5 Bxf5 12. Bd3 Qh4+ 13. g3 Qg4 14.
Bxf5 Qxf5 15. Qe2 Be7 16. Rf1 Qg6 17. Be3 a5 18. Kd2 a4 19. Rf2 a3 20. b3 Rd8 21.
Qd3 Qh5 22. Raf1 O-O 23. h4 c5 24. Kc1 cxd4 25. cxd4 Rc8+ 26. Kb1 Rc6 27. Bg5 Bxg5 28. hxg5 Rfc8 29. Rf4 Rc3 30. Qe4 Qh2 31. R4f2 Qxf2 0

[Event "Open Nuevo Centro. Jornada 1"]
[Site "Chess.com"]
[Date "2020.06.19"]
[Round "7"]
[White "Casado Andreu, David"]
[Black "Miranda Calvo, Max Rodrigo"]
[Result "1-0"]
[WhiteElo "1570"]
[BlackElo "1195"]
[TimeControl "180+2"]
[EndTime "11:48:46 PDT"]
[Termination "Victoria de dave6635 por jaque mate"]

1. e4 e5 2. Nf3 Nc6 3. Bc4 Bc5 4. c3 d6 5. d3 Bg4 6. Bb3 Nge7 7. Nbd2 f6 8. h3 Bh5 9. Nf1 Qd7 10. Ng3 Bxf3 11. Qxf3 O-O-O 12. O-O g6 13. Be3 Bxe3 14. Qxe3 a6 15. Bd5 Nxd5 16. exd5 Ne7 17. Qa7 Qb5 18. c4 Qxb2 19. Rfb1 Qd4 20. Qxb7+ Kd7 21. Qxa6 Ra8 22. Qb5+ Kd8 23. a4 g5 24. a5 h5 25. a6 h4 26.
Qb7 hxg3 27. Qxa8+ Kd7 28. Qxh8 Qxf2+ 29. Kh1 f5 30. Rb8 f4 31. Qd8# 1

[Event "Open Nuevo Centro. Jornada 1"]
[Site "Chess.com"]
[Date "2020.06.19"]
[Round "7"]
[White "Serradilla Revert, Rodrigo"]
[Black "Lupu, Alexandru Mihai"]
[Result "0-1"]
[WhiteElo "644"]
[BlackElo "999"]
[TimeControl "180+2"]
[EndTime "11:49:04 PDT"]
[Termination "Victoria de KeenYoyo por jaque mate"]

1. d4 d5 2. e3 Bf5 3. Nd2 c6 4.
Bd3 e6 5. e4 Bg6 6. exd5 cxd5 7. g3 Nf6 8. f4 Bd6 9. Bb5+ Nbd7 10. Ne2 a6 11. Ba4 O-O 12. Nb3 b5 13. Qd3 Bxd3 14. cxd3 bxa4 15. Na5 Qxa5+ 16. Bd2 Qd8 17. O-O-O Re8 18.
Nc3 Ng4 19. h3 Nf2 20. Rdf1 Nxh1 21. Rxh1 f6 22. b4 Bxb4 23. Nxa4 Bd6 24. f5 exf5 25.
g4 f4 26. h4 g6 27. h5 Kg7 28. hxg6 hxg6 29. g5 f5 30. Bxf4 Bxf4+ 31. Kc2 Qc8+ 32.
Kd1 Bxg5 33. Rg1 Qc1# 0

[Event "Open Nuevo Centro. Jornada 1"]
[Site "Chess.com"]
[Date "2020.06.19"]
[Round "7"]
[White "Kovacevic, Slobodan"]
[Black "Bosch Jord�, Ricard"]
[Result "1-0"]
[WhiteElo "2052"]
[BlackElo "1743"]
[TimeControl "180+2"]
[EndTime "11:49:13 PDT"]
[Termination "Victoria de nikko110 por tiempo"]

1. d4 Nf6 2. Nf3 e6 3. Bf4 b6 4. Nbd2 Bb7 5. e3 Be7 6. h3 O-O 7. Bd3 d5 8. c3 Nbd7 9. h4 c5 10. a4 cxd4 11. exd4 Ng4 12. Bxh7+ Kxh7 13. Ng5+ Kg8 14.
Qxg4 Nf6 15. Qe2 Bd6 16. Be5 Qe7 17. Qd3 Rfe8 18. O-O-O a5 19. Rh3 Ba6 20. Qc2 b5 21. axb5 Bxb5 22. Rf3 Bxe5 23. dxe5 Ne4 24. Rxf7 Qc5 25.
Ndxe4 dxe4 26. Qxe4 1

[Event "Open Nuevo Centro. Jornada 1"]
[Site "Chess.com"]
[Date "2020.06.19"]
[Round "7"]
[White "Amor�s P�rez, Manuel David"]
[Black "Crevillen Abad, Clemente"]
[Result "1/2-1/2"]
[WhiteElo "1656"]
[BlackElo "1767"]
[TimeControl "180+2"]
[EndTime "11:49:18 PDT"]
[Termination "Partida en tablas por mutuo acuerdo"]

1. e4 c5 2. Nf3 Nc6 3. d4 cxd4 4. Nxd4 Nf6 5. Nxc6 bxc6 6. Bd3 e5 7. O-O Be7 8.
Nc3 d5 9. exd5 cxd5 10. Bb5+ Bd7 11. Bxd7+ Qxd7 12. Bg5 d4 13. Bxf6 gxf6 14. Ne4 f5 15.
Nd2 O-O 16. Re1 Bf6 17. Nc4 Qd5 18. b3 Rfe8 19. Qh5 e4 20. Rad1 Rad8 21. Ne3 dxe3 22.
Rxd5 exf2+ 23. Kxf2 Rxd5 24. Re2 Bd4+ 25. Kf1 Bb6 26. g3 Re6 27. Qg5+ Rg6 28. Qf4 Rd1+ 29. Re1 Rd5 30. Qb8+ Kg7 31. Qa8 Rd2 1/2-1

[Event "Open Nuevo Centro. Jornada 1"]
[Site "Chess.com"]
[Date "2020.06.19"]
[Round "7"]
[White "Deusa Ballesteros, Lucas "]
[Black "Zakharash, Georgii"]
[Result "1-0"]
[WhiteElo "1452"]
[BlackElo "997"]
[TimeControl "180+2"]
[EndTime "11:49:24 PDT"]
[Termination "Victoria de facundillo2009 por jaque mate"]

1. e4 c5 2. Nf3 d6 3. d4 cxd4 4. Nxd4 Nf6 5. Nc3 a6 6. Be2 e5 7. Nb3 Be6 8. Be3 Be7 9. f3 O-O 10. O-O Nbd7 11. Nd5 Bxd5 12. exd5 Re8 13. c4 Bf8 14. Nd2 g6 15. Ne4 Nxe4 16. fxe4 Bg7 17. Qd2 Rf8 18. Bh6 Nc5 19. Bxg7 Kxg7 20. Qe3 Qd7 21. Rf3 f5 22. Rh3 f4 23. Qf3 g5 24.
Qh5 h6 25. Qxh6+ Kf7 26. Qxg5 Ke8 27. Qg6+ Kd8 28. Rh7 Qe8 29. Qg5+ Kc8 30. Bg4+ Kb8 31. Re7 Qd8 32. Bf3 Rf7 33. b4 Nd3 34. Rxb7+ Kc8 35.
Qxd8+ Kxd8 36. Rxf7 Nxb4 37. Rb1 Nd3 38. Rbb7 Nc5 39.
Rf8# 1

[Event "Open Nuevo Centro. Jornada 1"]
[Site "Chess.com"]
[Date "2020.06.19"]
[Round "7"]
[White "Borissov, Juli�n"]
[Black "Teply Koutsky, David"]
[Result "1-0"]
[WhiteElo "1850"]
[BlackElo "1643"]
[TimeControl "180+2"]
[EndTime "11:49:34 PDT"]
[Termination "Victoria de julianborisov por jaque mate"]

1. e4 e6 2. d4 d5 3. Nc3 Bb4 4. e5 b6 5. f4 Ne7 6. Nf3 Nf5 7.
Bd3 Ba6 8. Bxf5 exf5 9. Bd2 O-O 10. Ne2 Bxd2+ 11. Qxd2 c5 12. O-O Nc6 13. Rfe1 Bxe2 14.
Rxe2 c4 15. c3 Re8 16. h3 Qd7 17. Rae1 h6 18. Kh2 b5 19. Rg1 a5 20. g4 fxg4 21.
Rxg4 Ne7 22. Nh4 Nf5 23. Reg2 Nxh4 24. Rxh4 Kh8 25. Rh5 Kh7 26. f5 Rg8 27. Rxg7+ Rxg7 28. Qxh6+ Kg8 29. Qh8# 1

[Event "Open Nuevo Centro. Jornada 1"]
[Site "Chess.com"]
[Date "2020.06.19"]
[Round "7"]
[White "Cebolla Ruiz, David"]
[Black "Yatseta Fernandez, Marc Kazymyr"]
[Result "1-0"]
[WhiteElo "1654"]
[BlackElo "1395"]
[TimeControl "180+2"]
[EndTime "11:50:29 PDT"]
[Termination "Victoria de Dabelcebolla por abandono"]

1. e4 e5 2. Nf3 Nc6 3. Bb5 a6 4. Bxc6 dxc6 5. d4 exd4 6. Qxd4 Bg4 7. Nbd2 Nf6 8. h3 Bh5 9. O-O Qxd4 10. Nxd4 O-O-O 11. c3 c5 12. Nf5 Bg6 13. Ng3 Bd6 14. Re1 Rhe8 15. Ndf1 Nxe4 16. Nxe4 Bxe4 17. f3 Bc2 18. Bg5 f6 19. Bh4 g5 20. Bg3 Bxg3 21. Nxg3 Bg6 22. Rad1 Rxe1+ 23. Rxe1 Rd2 24. Re2 Rxe2 25.
Nxe2 h5 26. Kf2 Kd7 27. g3 b5 28. h4 gxh4 29. gxh4 Kd6 30. Nf4 Ke5 31. Nxg6+ 1

[Event "Open Nuevo Centro. Jornada 1"]
[Site "Chess.com"]
[Date "2020.06.19"]
[Round "7"]
[White "M�ndez Gim�nez , N�stor Emmanuel"]
[Black "Valverde Alcaide, Miguel Alejandro"]
[Result "1-0"]
[WhiteElo "1141"]
[BlackElo "910"]
[TimeControl "180+2"]
[EndTime "11:50:36 PDT"]
[Termination "Victoria de NestorMendez8 por tiempo"]

1. e4 e5 2. Nf3 Nc6 3. Bc4 Nh6 4. d4 exd4 5. Nxd4 Be7 6. Nxc6 dxc6 7. Qxd8+ Bxd8 8. Bxh6 gxh6 9. Nc3 Bg4 10. f3 Bh5 11.
O-O-O Bg5+ 12. Kb1 O-O 13. g4 Bg6 14. h4 Bf6 15. h5 Rad8 16. Rxd8 Rxd8 17. hxg6 hxg6 18. a3 Rd4 19. Bb3 a6 20. Rxh6 Kg7 21. Rh1 Bg5 22. Ne2 Rd2 23. f4 Be7 24. Nc3 Bd6 25. f5 gxf5 26. gxf5 Bc5 27. Rh2 Bd6 28. Rxd2 Bf4 29. Rg2+ Kf6 30. Ne2 Bd2 31. e5+ Kxe5 32. f6 Kxf6 33.
Nd4 Be3 34. Ne2 b5 35. Rg3 Bh6 36. Rf3+ Ke7 37. Nf4 c5 38. Nd5+ Kd6 39. Ba2 b4 40. axb4 c6 41. bxc5+ Kxc5 42. Nf6 Bd2 43. c3 1

[Event "Open Nuevo Centro. Jornada 1"]
[Site "Chess.com"]
[Date "2020.06.19"]
[Round "7"]
[White "Juan Alos, Sergio"]
[Black "Grigorev, Artur "]
[Result "1-0"]
[WhiteElo "1091"]
[BlackElo "875"]
[TimeControl "180+2"]
[EndTime "11:50:48 PDT"]
[Termination "Victoria de SergioJuanAlos por tiempo"]

1. d4 d5 2. Nf3 Nc6 3. e3 Bf5 4.
c3 e6 5. Bd3 Bxd3 6. Qxd3 Bd6 7. O-O Nf6 8. Nbd2 Ng4 9. g3 O-O 10. e4 dxe4 11. Nxe4 Ne7 12. Nxd6 Qxd6 13. Qe4 Nf6 14.
Qe5 Ng4 15. Qxd6 cxd6 16. Rd1 Nd5 17. c4 Nb4 18. a3 Nc2 19. Rb1 Rac8 20. b3 d5 21. Rd2 Nxa3 22. Bxa3 Rfe8 23. cxd5 exd5 24. Rc1 Rxc1+ 25. Bxc1 Nf6 26. Ne5 Ne4 27. Rc2 h6 28. f3 Ng5 29. f4 Nh3+ 30. Kg2 1

[Event "Open Nuevo Centro. Jornada 1"]
[Site "Chess.com"]
[Date "2020.06.19"]
[Round "7"]
[White "Rodriguez Rodriguez, Joan David "]
[Black "Gutierrez Lacambra, Jose Antonio"]
[Result "1-0"]
[WhiteElo "1629"]
[BlackElo "1259"]
[TimeControl "180+2"]
[EndTime "11:50:53 PDT"]
[Termination "Victoria de Not_Jr_chess por tiempo"]

1. d4 Nf6 2. c4 g6 3. Nc3 Bg7 4. e4 d6 5. Nf3 O-O 6. Be2 e5 7. dxe5 dxe5 8. Qxd8 Rxd8 9. Bg5 Re8 10. O-O c6 11. Rad1 Nbd7 12. b4 a5 13. a3 axb4 14. axb4 Nf8 15. b5 Bg4 16. h3 Bxf3 17. Bxf3 h6 18. Bh4 Ne6 19. Ne2 Ra2 20. Ra1 Rea8 21. Rac1 Nxe4 22. Bxe4 Rxe2 23. Bf3 Rb2 24. bxc6 bxc6 25. Bxc6 Raa2 26. Bd5 Nc5 27. Bg3 Kf8 28.
Rb1 f5 29. Rxb2 Rxb2 30. Ra1 f4 31. Ra8+ Ke7 32. Ra7+ Kf6 33. Rf7+ Kg5 34. h4+ 1

[Event "Open Nuevo Centro. Jornada 1"]
[Site "Chess.com"]
[Date "2020.06.19"]
[Round "7"]
[White "G�mez Alonso, �scar"]
[Black "Camison Zornoza, Cesar"]
[Result "1-0"]
[WhiteElo "1748"]
[BlackElo "1381"]
[TimeControl "180+2"]
[EndTime "11:51:20 PDT"]
[Termination "Victoria de osgo78 por abandono"]

1. d4 Nf6 2. c4 c5 3. d5 b5 4. cxb5 a6 5. e3 axb5 6. Bxb5 g6 7. Nc3 Bg7 8. a4 O-O 9. Nf3 d6 10. O-O Bd7 11. Bd2 Qb6 12. Bxd7 Nbxd7 13. b3 Rfb8 14. Nb5 Ne4 15. Rb1 Nxd2 16. Qxd2 Nf6 17. Qd3 Nd7 18.
e4 Ne5 19. Nxe5 Bxe5 20. Kh1 Rf8 21. f4 Bg7 22. Rbe1 Qb7 23. e5 dxe5 24. fxe5 Rad8 25. d6 exd6 26. exd6 Qc6 27. Qe4 Qd7 28. Qe7 Bd4 29.
Rd1 Bg7 30. Rfe1 f5 31. Qxd7 Rxd7 32. Re7 Rfd8 33. Rxd7 Rxd7 34. g3 Kf7 35. Rd5 Bf8 36. Rxc5 Bxd6 37. Nxd6+ Rxd6 38. Rc7+ Kf6 39. Rxh7 Rb6 40. Ra7 Rxb3 41. a5 Rb2 42. Ra6+ Kg7 43. h4 Ra2 44. Kg1 Kh6 45. Ra8 g5 46. a6 gxh4 47.
gxh4 Kh5 48. a7 Ra1+ 49. Kf2 Ra2+ 50. Kf3 Ra3+ 51. Kf4 Ra4+ 52. Kxf5 Ra5+ 53. Ke4 Ra4+ 54. Kd5 Ra5+ 55. Kc4 Ra4+ 56. Kb5 Rxh4 57. Rh8+ 1

[Event "Open Nuevo Centro. Jornada 1"]
[Site "Chess.com"]
[Date "2020.06.19"]
[Round "7"]
[White "Sanchez Saez, Francisco"]
[Black "Granero Roca, Antonio"]
[Result "0-1"]
[WhiteElo "2290"]
[BlackElo "2528"]
[TimeControl "180+2"]
[EndTime "11:51:24 PDT"]
[Termination "Victoria de Somtor por abandono"]

1. e4 c6 2. d4 d5 3. e5 c5 4. dxc5 Nc6 5. Nf3 Bg4 6. c3 e6 7. Be3 Nge7 8. Bb5 Bxf3 9. Qxf3 Nf5 10. Bd4 Be7 11. O-O O-O 12. Bxc6 bxc6 13. b4 a5 14. Be3 Qb8 15. Qf4 f6 16. exf6 Bxf6 17.
bxa5 Qxf4 18. Bxf4 Rxa5 19. Nd2 Bxc3 20. Rac1 Bxd2 21.
Bxd2 Rxa2 22. Bg5 Nd4 23. Rb1 h6 24. Be7 Rf7 25. Bd6 Ne2+ 26. Kh1 Nc3 27. Rb8+ Kh7 28. f3 Nb5 29. Re8 Nd4 30. Be5 Nc2 31. Rxe6 Ne3 32. Rg1 Nc4 33. Bg3 d4 34. h3 d3 35. Rd1 d2 36.
Re4 Rc2 37. Rd4 Re7 38. Bf4 Re2 39. Kh2 g5 40. Bg3 Ne3 41. Ra1 Rxg2+ 42. Kh1 Rxg3 43. Rd6 d1=Q+ 44. Raxd1 Nxd1 45. Rxd1 Rxh3+ 46. Kg1 Rxf3 47. Rd6 Rxc5 48. Kg2 Rf4 49. Kg3 Rc3+ 50. Kg2 c5 51. Rd7+ 0

[Event "Open Nuevo Centro. Jornada 1"]
[Site "Chess.com"]
[Date "2020.06.19"]
[Round "7"]
[White "Gutierrez Marco, Dario"]
[Black "Bendayan Claros, Aaron"]
[Result "0-1"]
[WhiteElo "1920"]
[BlackElo "1740"]
[TimeControl "180+2"]
[EndTime "11:51:26 PDT"]
[Termination "Victoria de Cuajada_Zero por abandono"]

1. e4 c6 2. d4 d5 3. e5 Bf5 4. h4 h5 5. Bd3 Bxd3 6. Qxd3 e6 7. Bg5 Qa5+ 8. Nd2 Qa6 9. c4 Bb4 10. Nf3 dxc4 11. Qc2 b5 12. O-O Nh6 13. a4 Qb7 14.
Ne4 Nf5 15. axb5 cxb5 16. b3 a5 17. bxc4 bxc4 18. Qxc4 Qxe4 19. Rfe1 Qc6 20. Qb3 O-O 21. Rec1 Qd5 22. Qxd5 exd5 23. Rc7 f6 24. exf6 gxf6 25. Bf4 Na6 26. Rc6 Kf7 27. Rac1 Ne7 28. Rb6 Rfc8 29. Rxc8 Nxc8 30. Rc6 Ne7 31. Rb6 a4 32. Nd2 a3 33. Nb3 a2 34. g4 Bc3 35.
gxh5 a1=Q+ 36. Nxa1 Bxa1 37. h6 Bc3 38. h7 Nb4 39.
Rb7 Rh8 40. Bd6 Nc6 41. Rb3 Bxd4 42. Rh3 Rxh7 43. h5 Ke6 44. Bg3 Nf5 45. Kg2 Ne5 46.
Bxe5 Bxe5 0

[Event "Open Nuevo Centro. Jornada 1"]
[Site "Chess.com"]
[Date "2020.06.19"]
[Round "7"]
[White "Aymerich Rosell, Pablo"]
[Black "Zamora Soler, Raul"]
[Result "1/2-1/2"]
[WhiteElo "1991"]
[BlackElo "1759"]
[TimeControl "180+2"]
[EndTime "11:51:31 PDT"]
[Termination "Partida en tablas por material insuficiente"]

1. e4 c5 2. Nf3 Nc6 3. d4 cxd4 4.
Nxd4 Nf6 5. Nc3 e6 6. Ndb5 Bb4 7. a3 Bxc3+ 8. Nxc3 O-O 9. Bd3 d5 10.
O-O dxe4 11. Nxe4 Nxe4 12. Bxe4 Qxd1 13. Rxd1 Ne5 14. Bf4 Ng6 15. Bg3 f5 16. Bd3 e5 17.
Bc4+ Kh8 18. f3 f4 19. Bf2 Bf5 20. c3 b6 21. Rd6 Rad8 22. Rad1 Rxd6 23. Rxd6 Rc8 24.
Ba6 Re8 25. c4 h6 26. b4 e4 27. fxe4 Bxe4 28. c5 bxc5 29. bxc5 Re7 30. c6 Rc7 31. Bb7 Ne5 32. Bxa7 Nxc6 33. Bxc6 Rxc6 34. Rxc6 Bxc6 35. Bb8 f3 36. gxf3 Bxf3 37. Kf2 Ba8 38. Kg3 Kg8 39. Kf4 g6 40. h4 Kf7 41. Ke5 Bf3 42. a4 g5 43. hxg5 hxg5 44. a5 Kg6 45. a6 Kh5 46. a7 Ba8 47. Kd4 Kg4 48. Ke3 Kh3 49. Kf2 g4 50. Kg1 g3 51. Bxg3 Kxg3 52. Kf1 Kf3 53. Ke1 Ke3 54. Kd1 Kd3 55. Ke1 Kc4 56. Kf2 Kb5 57. Ke3 Kb6 58. Kd4 Kxa7 1/2-1

[Event "Open Nuevo Centro. Jornada 1"]
[Site "Chess.com"]
[Date "2020.06.19"]
[Round "7"]
[White "Yuste Valenzuela, Alejandro"]
[Black "Donate Moreno, David"]
[Result "1-0"]
[WhiteElo "1787"]
[BlackElo "1511"]
[TimeControl "180+2"]
[EndTime "11:51:32 PDT"]
[Termination "Victoria de alejandrito290 por abandono"]

1. e4 c6 2. d4 d5 3. e5 Bf5 4.
h4 h6 5. g4 Bh7 6. e6 fxe6 7. Bd3 Nf6 8. Bxh7 Nxh7 9. Qd3 Nf6 10. Qg6+ Kd7 11. Nf3 Qe8 12. Ne5+ Kc7 13. Bf4 Kc8 14.
Qd3 Nbd7 15. Nxd7 Qxd7 16. Nc3 b6 17. f3 Kb7 18. O-O-O Ne8 19. h5 Nd6 20. Kb1 a5 21. b3 b5 22. a4 bxa4 23. Nxa4 Qc8 24. Rhe1 Nb5 25. Nc5+ Kb6 26. Rxe6 Ra6 27. Na4+ Ka7 28. Nc5 a4 29. Nxa6 Qxe6 30. Nc5 Qc8 31. bxa4 Nd6 32. Qb3 Nc4 33. a5 e5 34. Bxe5 Nxe5 35. Qb6+ Ka8 36.
dxe5 Bxc5 37. Qxc5 Qa6 38. Ka1 Rb8 39. Rb1 Rxb1+ 40.
Kxb1 Qb5+ 41. Qxb5 cxb5 42. e6 Kb7 43. e7 1

[Event "Open Nuevo Centro. Jornada 1"]
[Site "Chess.com"]
[Date "2020.06.19"]
[Round "7"]
[White "Lopez Mateo, Juan Carlos"]
[Black "Garcia Trobat, Francisco"]
[Result "0-1"]
[WhiteElo "1945"]
[BlackElo "2229"]
[TimeControl "180+2"]
[EndTime "11:51:45 PDT"]
[Termination "Victoria de NoSure por tiempo"]

1. e4 c5 2. Nf3 d6 3. d4 cxd4 4. Qxd4 Nc6 5. Bb5 Qa5+ 6. Nc3 Qxb5 7. Nxb5 Nxd4 8. Nfxd4 Kd8 9. Be3 Bd7 10. a4 Nf6 11. f3 a6 12. Nc3 Rc8 13. g4 e6 14. O-O-O Kc7 15. Kb1 Be7 16. h4 Kb8 17. h5 Rxc3 18. bxc3 Bxa4 19. g5 Nd7 20. Nb3 Ne5 21. Nd2 Rc8 22.
Kb2 Bb5 23. Rhg1 Be2 24. Rde1 Bxf3 25. Nxf3 Nxf3 26. Ref1 Nxg1 27. Rxf7 Bd8 28. Bxg1 Bxg5 29. Rxg7 Bf6 30. Rxh7 Rxc3 31. Kb1 Rc8 32. Rf7 Be5 33. h6 Rg8 34. Be3 Rg3 35. Bd2 Rg1+ 36. Ka2 Ra1+ 37. Kb3 Rh1 38. h7 Rh3+ 39. c3 Ka7 40. Be1 Kb6 41.
Bf2+ Kc6 42. Kc4 b5+ 43. Kb3 Rxc3+ 44. Ka2 Rh3 45. Kb1 a5 46. Rf8 Rxh7 0

[Event "Open Nuevo Centro. Jornada 1"]
[Site "Chess.com"]
[Date "2020.06.19"]
[Round "7"]
[White "Gimenez Saiz, Jose Raul"]
[Black "Castellano L�pez, Javier"]
[Result "0-1"]
[WhiteElo "1534"]
[BlackElo "1765"]
[TimeControl "180+2"]
[EndTime "11:52:01 PDT"]
[Termination "Victoria de its_xavi_official por abandono"]

1. d4 Nf6 2. e3 d5 3. Bd3 Bg4 4. Nf3 c6 5. c4 e6 6. Nc3 Bd6 7.
Qb3 Qb6 8. Qc2 dxc4 9. Bxc4 Nbd7 10. Be2 O-O 11. O-O Rad8 12. Bd2 Rfe8 13. h3 Bh5 14. Rac1 e5 15. dxe5 Nxe5 16. Nxe5 Bxe2 17. Nxe2 Bxe5 18. Bc3 Rd5 19. Bxe5 Rexe5 20. Nf4 Rb5 21.
b3 a5 22. Nd3 Re8 23. Nb2 Nd5 24. Nc4 Qc7 25. a3 Rc5 26. Qe2 Nb6 27. Nxb6 Qxb6 28.
Rxc5 Qxc5 29. Qb2 Rd8 30. Rc1 Qb5 31. Qc3 Rd3 32. Qc4 Rxb3 33. Qxb5 Rxb5 34. a4 Rb4 35. Rd1 Kf8 36. Rd7 b5 37. axb5 cxb5 38. Kf1 a4 39. Ke2 a3 40. Ra7 Rb2+ 41. Ke1 b4 42. f4 a2 43. Kd1 Rb1+ 0

[Event "Open Nuevo Centro. Jornada 1"]
[Site "Chess.com"]
[Date "2020.06.19"]
[Round "7"]
[White "Martinez Villena, David"]
[Black "Blanco Solaz, Ram�n"]
[Result "0-1"]
[WhiteElo "1705"]
[BlackElo "1976"]
[TimeControl "180+2"]
[EndTime "11:52:06 PDT"]
[Termination "Victoria de Rbs77 por abandono"]

1. e4 c5 2. c3 d5 3. exd5 Qxd5 4. d4 Nf6 5. Nf3 Bg4 6. Be2 e6 7. O-O cxd4 8. cxd4 Bb4 9. h3 Bh5 10. a3 Ba5 11. b4 Bc7 12. Nc3 Qd8 13. Nb5 O-O 14.
Nxc7 Qxc7 15. Be3 Nbd7 16. Rc1 Qd6 17. Qd3 Rfd8 18. Rfd1 Bg6 19. Qb5 Nb6 20. Qg5 h6 21. Qh4 Nbd5 22. Ne5 Bh7 23. Bh5 Nxh5 24. Qxh5 Qe7 25.
Qg4 Kh8 26. Qg3 Rac8 27. Qf3 Nf6 28. Rxc8 Rxc8 29. g4 Be4 30. Qf4 g5 31. Qg3 Nd5 32.
h4 f6 33. Nf3 Kg7 34. Nd2 Nc3 35. Re1 Bd3 36. Kh2 b6 37. Bxg5 hxg5 38. Qxd3 gxh4 39. Nf3 Nd5 40. Qe4 Qc7+ 41. Kh3 Nf4+ 42. Kxh4 Ng2+ 43. Kh3 Nxe1 44. Qxe1 Qc3 45. Kg2 Qxe1 46. Nxe1 Rc3 47. Nf3 Rxa3 48. d5 exd5 0